 Dungeon Crawl Stone Soup version 0.31-a0-1570-g93c622d222 (webtiles) character file.

Game seed: 12934483601895238610

569 grandjackal the Trooper (level 7, -6/62 HPs)
             Began as a Ghoul Monk on Jan 3, 2024.
             Mangled by Duvessa
             ... wielding a +0 short sword
              (9 damage)
             ... on level 4 of the Dungeon.
             The game lasted 00:04:38 (3652 turns).

grandjackal the Trooper (Ghoul Monk)                Turns: 3652, Time: 00:04:39

Health: -6/62      AC:  5    Str: 15    XL:     7   Next: 33%
Magic:  16/16      EV: 12    Int: 11    God:
Gold:   229        SH:  0    Dex: 11    Spells: 6/6 levels left

rFire   . .          .
                       - Unarmed
rCold   + . .        (no shield)
rNeg    + + +        n - +0 ring mail
rPois   ∞            (no helmet)
rElec   .            (no cloak)
rCorr   .            (no gloves)
SInv    .            (no boots)
Will    .....        (no amulet)
Stlth   +            t - ring of magical power
HPRegen 0.00/turn    (no ring)
MPRegen 0.15/turn

%: no passive effects
@: inhibited regen
A: claws 1, cold resistance 1, negative energy resistance 3, inhibited
regeneration, torment resistance 2, devour on kill
a: no special abilities


You were on level 4 of the Dungeon.
You visited 1 branch of the dungeon, and saw 4 of its levels.
You also visited: Sewer.

You collected 229 gold pieces.

Inventory:

Armour
 c - an orb of light
 n - a +0 ring mail (worn)
Jewellery
 t - a ring of magical power (left claw)
Scrolls
 a - a scroll of vulnerability {unknown}
 e - 4 scrolls of teleportation {unknown}
 f - 2 scrolls of summoning {unknown}
 g - 2 scrolls of enchant weapon {unknown}
 i - a scroll of fear {unknown}
 j - 2 scrolls of enchant armour {unknown}
 l - a scroll of poison {unknown}
 m - a scroll of amnesia {unknown}
 o - 3 scrolls of silence {unknown}
 p - a scroll of noise {unknown}
 q - a scroll of revelation {unknown}
 r - a scroll of brand weapon {unknown}
Potions
 b - a potion of ambrosia
 d - a potion of mutation
 h - a potion of heal wounds
 k - 2 potions of curing {unknown}
 s - a potion of degeneration {unknown}


   Skills:
 + Level 5.9 Fighting
 + Level 4.8 Dodging
 + Level 5.7 Unarmed Combat


You had 6 spell levels left.
You didn't know any spells.
Your spell library contained the following spells:

 Spells                   Type           Power      Damage    Failure   Level
 Shock                    Conj/Air       0%         1d3       56%         1
 Lesser Beckoning         Tloc           0%         N/A       71%         2
 Gell's Gravitas          Tloc           0%         N/A       91%         3
 Swiftness                Air            0%         N/A       91%         3
 Teleport Other           Tloc           0%         N/A       91%         3
 Tukima's Dance           Hex            0%         N/A       91%         3
 Airstrike                Air            0%         2d(0-16)  100%        4
 Passage of Golubria      Tloc           0%         N/A       100%        4
 Yara's Violent Unravell  Hex/Alch       0%         3d3       100%        5
 Dispersal                Tloc           0%         N/A       100%        6


Dungeon Overview and Level Annotations

Branches:
Dungeon (4/15)              Sewer (visited)
 Temple: D:4-7

Altars:
Nemelex Xobeh

Shops:
D:1 [

Annotations:
D:4 Dowan, Duvessa


Innate Abilities, Weirdness & Mutations

You are immune to poison.
You have sharp fingernails.
Your flesh is cold resistant. (rC+)
You are immune to negative energy. (rN+++)
You do not regenerate when monsters are visible.
You are immune to unholy pain and torment.
You thrive by killing the living.


Message History

Duvessa barely misses you. Dowan hits you with a +0 dagger.
You scratch Duvessa.
Duvessa is moderately wounded.
Duvessa hits you with a +0 short sword! Dowan casts a spell at you.
You resist with some effort.
You claw Duvessa!
Duvessa is heavily wounded.
You completely miss Duvessa.
Duvessa is heavily wounded.
Duvessa hits you but does no damage. Dowan misses you.
You scratch Duvessa but do no damage.
Duvessa is heavily wounded.
Duvessa hits you with a +0 short sword. Dowan barely misses you.
You barely miss Duvessa.
Duvessa is heavily wounded.
Duvessa hits you but does no damage. Dowan hits you with a +0 dagger.
You scratch Duvessa.
Duvessa is severely wounded.
Duvessa hits you with a +0 short sword! Dowan barely misses you.
You scratch Duvessa.
Duvessa is severely wounded.
Duvessa hits you but does no damage. Dowan casts a spell at you.
The puff of flame hits you!
* * * LOW HITPOINT WARNING * * *
You barely miss Duvessa.
Duvessa is severely wounded.
Duvessa hits you with a +0 short sword!
* * * LOW HITPOINT WARNING * * *
Dowan hits you but does no damage.
You scratch Duvessa.
Duvessa is severely wounded.
Duvessa barely misses you. Dowan hits you with a +0 dagger.
* * * LOW HITPOINT WARNING * * *
Unknown command.
You scratch Duvessa.
Duvessa is almost dead.
Duvessa hits you with a +0 short sword!
You die...

#..###..#
##.#
#....<## #
####...##
##...### #
#.#...# .#
#..###.##
##. #.##
#..# .. #.
##e#####.#
#.
#.@eoo#?#
#.
#####...#
.. #.....#
#.###.....
..# ....
e### ...
!e .. .. .
...


You could see Duvessa, Dowan and 2 orcs.

Vanquished Creatures
  A crocodile (Sewer)
  Blork the orc (D:4)
  A brain worm (Sewer)
  A scorpion (D:4)
  A bombardier beetle (D:3)
  A sleepcap (D:3)
  2 river rats (D:4)
  10 adders
  A white imp (D:3)
  A dart slug (D:4)
  7 ribbon worms
  2 orcs (D:3)
  8 endoplasms
  5 giant cockroaches
  7 goblins
  8 hobgoblins
  4 jackals
  6 quokkas
  10 ball pythons
  9 bats
  2 frilled lizards
  11 kobolds
  15 rats
114 creatures vanquished.

Notes
Turn   | Place    | Note
-------+----------+-------------------------------------------
     0 | D:1      | grandjackal the Ghoul Monk began the quest for the Orb.
     0 | D:1      | Reached XP level 1. HP: 19/19 MP: 1/1
   165 | D:1      | Reached XP level 2. HP: 23/26 MP: 2/2
   363 | D:1      | Found Jaqun's Armour Emporium.
  1065 | D:2      | Reached XP level 3. HP: 33/33 MP: 3/3
  1477 | D:2      | Reached XP level 4. HP: 40/40 MP: 4/4
  2137 | D:3      | Reached XP level 5. HP: 26/47 MP: 5/5
  2544 | D:3      | Found a sparkling altar of Nemelex Xobeh.
  2777 | D:3      | Reached XP level 6. HP: 55/55 MP: 6/6
  2969 | D:3      | Reached skill level 5 in Fighting
  3080 | D:4      | Reached skill level 5 in Unarmed Combat
  3109 | D:4      | Noticed Blork the orc
  3127 | D:4      | Killed Blork the orc
  3292 | D:4      | Found a glowing drain.
  3300 | Sewer    | Entered a sewer
  3337 | Sewer    | Reached XP level 7. HP: 32/62 MP: 3/7
  3630 | D:4      | Noticed Dowan
  3630 | D:4      | Noticed Duvessa
  3651 | D:4      | HP: 3/62 [Dowan/+0 dagger (3)]
  3652 | D:4      | Mangled by Duvessa

Illustrated notes

Levels and vault maps discovered:
D:1:      scummos_arrival_simple_crosswalls, layout_basic, serial_shops, shop
D:2:      layout_basic, minmay_mini_jars
D:3:      minmay_chambers_of_threes, layout_basic, nemelex_dance_club_becter
D:4:      layout_rooms, tso_oasis_becter, lightli_sewer_entry_pipes,
          uniq_duvessa, uniq_pikel, uniq_eustachio, uniq_blork_the_orc,
          uniq_sigmund

Skill      XL: |  1  2  3  4  5  6 |
---------------+-------------------+-----
Dodging        | 3 4 |  4.8
Fighting       | 4 5 |  5.9
Unarmed Combat | 4 5 |  5.7

Action                     |  1- 3 |  4- 6 |  7- 9 || total
---------------------------+-------+-------+-------++-------
  Melee: Unarmed           |   119 |   246 |    36 ||   401
         Punch             |     2 |     6 |       ||     8
    Use: Potion            |       |     3 |       ||     3
   Stab: Sleeping          |       |     1 |       ||     1
 Armour: Robe              |    63 |    54 |       ||   117
         Ring mail         |       |    70 |    29 ||    99
  Dodge: Dodged            |    52 |   130 |    15 ||   197

Table legend: (Time is in decaauts)
 A = Elapsed time spent in this place.
 B = Non-inter-level travel time spent in this place.
 C = Inter-level travel time spent in this place.
 D = Time resting spent in this place.
 E = Time spent auto-exploring this place.
 F = Levels seen in this place.
 G = Mean time per level.
                   A        B        C        D        E       F      G
               +--------+--------+--------+--------+--------+-----+--------+
         Total |   3657 |   3546 |    111 |    603 |   2043 |   5 |  731.4 |
       Dungeon |   3402 |   3291 |    111 |    439 |   2035 |   4 |  850.5 |
         Sewer |    255 |    255 |      0 |    164 |      8 |   1 |  255.0 |
               +--------+--------+--------+--------+--------+-----+--------+

Top non-repeatable levels by time:
     D:1: 1018 daAuts
     D:2: 1014 daAuts
     D:3: 996 daAuts
     D:4: 372 daAuts
   Sewer: 255 daAuts
